 Dungeon Crawl Stone Soup version 0.29.0-5-ge4962eb29e (webtiles) character file.

Game seed: 17808034515577347008

39 ProzacElf the Slasher (level 3, 0/28 HPs)
             Began as a Vampire Chaos Knight on Aug 29, 2022.
             Was a Plaything of Xom.
             Slain by Terence
             ... wielding a +0 flail
              (13 damage)
             ... on level 2 of the Dungeon.
             The game lasted 00:02:15 (840 turns).

ProzacElf the Slasher (Vampire Chaos Knight)         Turns: 840, Time: 00:02:16

Health: 0/28       AC:  6    Str: 11    XL:     3   Next: 28%
Magic:  3/3        EV: 12    Int: 14    God:    Xom [.*....]
Gold:   80         SH:  0    Dex: 15    Spells: 2/2 levels left

rFire   . . .      SeeInvis +   a - +0 falchion (chaos)
rCold   . . .      Faith    .   (no shield)
rNeg    . . .      Spirit   .   h - +2 leather armour
rPois   .          Reflect  .   j - +0 helmet
rElec   .          Harm     .   (no cloak)
rCorr   .          Rampage  .   (no gloves)
Will    .....                   (no boots)
Stlth   ++........              (no amulet)
HPRegen 0.29/turn               (no ring)
MPRegen 0.08/turn               (no ring)

@: healing quickly
A: alive, fangs 3, see invisible, vampiric 2
a: Exsanguinate, Renounce Religion


You were on level 2 of the Dungeon.
You worshipped Xom.
You were a plaything of Xom.
You visited 1 branch of the dungeon, and saw 2 of its levels.

You collected 80 gold pieces.

Inventory:

Hand Weapons
 a - a +0 falchion of chaos (weapon)
 b - a +2 dagger of freezing
 i - a +0 dagger
Armour
 h - a +2 leather armour (worn)
 j - a +0 helmet (worn)
Scrolls
 d - a scroll of brand weapon {unknown}
 e - 2 scrolls of teleportation {unknown}
 g - 2 scrolls of identify {unknown}
Potions
 f - 3 potions of curing {unknown}
Miscellaneous
 c - a piece from Xom's chessboard (14/15) (quivered)


   Skills:
 - Level 2.6 Fighting
 + Level 3.5 Long Blades
 - Level 0.7 Armour
 + Level 2.9 Dodging
 + Level 2.6 Stealth


You had 2 spell levels left.
You didn't know any spells.
Your spell library was empty.

Dungeon Overview and Level Annotations

Branches:
Dungeon (2/15)

Altars:

Annotations:
D:2 Terence


Innate Abilities, Weirdness & Mutations

Your natural rate of healing is accelerated.
You have razor-sharp teeth.
You have supernaturally acute eyesight. (SInv)
You are afflicted with vampirism and can become a bat while bloodless.


Message History

Terence barely misses ye.
Ye barely miss Terence.
Ye bite Terence.
Terence be heavily wounded.
Terence barely misses ye.
Ye hit Terence.
Ye freeze Terence.
Terence be severely wounded.
Terence closely misses ye.
Ye closely miss Terence.
Terence be severely wounded.
Terence hits ye wit' a +0 flail.
Terence hits ye wit' a +0 flail!
A shower o' butterflies erupts from ye!
Ye take 11 damage, an' haf 15/28 hp.
MASSIVE DAMAGE!!
Ye hit Terence.
Terence be almost dead.
Terence hits ye wit' a +0 flail.
Ye take 4 damage, an' haf 11/28 hp.
Ye barely miss Terence.
Terence be almost dead.
Terence barely misses ye.
Ye hit Terence.
Terence be almost dead.
Terence closely misses ye.
Ye hit Terence but do nay damage.
Terence seems ta grow stronger.
Xom be amused.
Terence be almost dead.
Terence says, "Time ta say good-bye..."
Terence hits ye but does nay damage.
Ye swap places.
Ye swap places.
Tha bat completely misses yer butterfly.
Terence closely misses yer butterfly.
Non-targeted evoke: piece from Xom's chessboard (15/15)
Press: ? - help, Q - select action Dir - look around, f - activate Look: Terence, wieldin' a +0 flail an' wearin' a +0 chain mail (almost dead, strong, 'lly target) Ye make a move on Xom's chessboard...
Terence resists wit' significant effort.
Tha bat hits ye but does nay damage.
Terence says, "Dinnae bothar ta defend, it's senseless."
Terence attacks as ye move away!
Terence hits ye wit' a +0 flail!
Ye die...

....g..##########
........#........# #######
........#.)......# #........
........#..b.....# #........
........#..bb....# #........
..).....#........# #........
........#........###........
......$.'.b@.......>........
........#K@.......#.........
......†.#.........#.........
........#########.#...†.....
#.......# #.#.###+####
######### #.#.###+###
#.#.......# #.#.......##
#.......'.


You could see Terence (strong, ally target), a bat and a kobold.

Vanquished Creatures
  A dart slug (D:1)
  2 bats (D:2)
  6 endoplasms (D:1)
  A giant cockroach (D:1)
  2 goblins (D:1)
  4 hobgoblins (D:1)
  4 jackals (D:1)
  3 kobolds
  A quokka (D:1)
  4 ball pythons
  A frilled lizard (D:1)
  3 rats
32 creatures vanquished.

Notes
Turn   | Place    | Note
-------+----------+-------------------------------------------
     0 | D:1      | ProzacElf the Vampire Chaos Knight began the quest for the
                  | Orb.
     0 | D:1      | Reached XP level 1. HP: 17/17 MP: 1/1
   109 | D:1      | Reached skill level 1 in Stealth
   142 | D:1      | Reached XP level 2. HP: 23/23 MP: 2/2
   167 | D:1      | XOM: silly message
   379 | D:1      | XOM: divination: detect creatures
   478 | D:1      | Gained mutation: You are afflicted with vampirism and can
                  | become a bat while bloodless. [Vampire growth]
   478 | D:1      | Reached XP level 3. HP: 28/28 MP: 3/3
   695 | D:1      | XOM: scenery: 1 doors open
   818 | D:2      | Noticed Terence
   832 | D:2      | XOM: butterfly on damage
   840 | D:2      | Slain by Terence

Illustrated notes

Levels and vault maps discovered:
D:1:      psy_arrival_radial01, layout_basic
D:2:      layout_basic, hellmonk_ecumenical_altar_pennies_from_heaven,
          basic_altar, uniq_terence

Skill      XL: |  1  2 |
---------------+-------+-----
Stealth        | 1 2 |  2.6
Fighting       | |  2.6
Long Blades    | |  3.5
Armour         | |  0.7
Dodging        | |  2.9

Action                   || total
-------------------------++-------
Melee: Falchion          ||    81
       Bite              ||     4
       Punch             ||     1
Evoke: Piece from Xom's  ||     1
 Stab: Sleeping          ||     1
Armor: Leather armour    ||    22
Dodge: Dodged            ||    55
